 Dungeon Crawl Stone Soup version 0.18-a0-1737-gd6c99dd (webtiles) character file.

101 MrRokkomies the Ducker (level 4, 0/25 HPs)
             Began as a Spriggan Abyssal Knight on Apr 9, 2016.
             Was a Believer of Lugonu.
             Slain by a giant gecko (4 damage)
             ... on level 3 of the Dungeon on Apr 11, 2016.
             The game lasted 00:10:56 (2010 turns).

MrRokkomies the Ducker (Spriggan Abyssal Knight)    Turns: 2010, Time: 00:10:56

Health: 0/25       AC:  3    Str:  8    XL:     4   Next: 48%
Magic:  6/6        EV: 20    Int: 14    God:    Lugonu [**....]
Gold:   75         SH:  0    Dex: 15    Spells: 0 memorised, 3 levels left

rFire  . . .     SeeInvis +     a - +2 short sword
rCold  + . .     Gourm    .     k - +0 robe
rNeg   . . .     Faith    .     (shield restricted)
rPois  .         Spirit   .     (helmet restricted)
rElec  .         Dismiss  .     o - +0 cloak
rCorr  .         Reflect  .     (gloves unavailable)
SustAt .         Harm     .     (boots unavailable)
MR     .....                    (no amulet)
Stlth  +.........               (no ring)
                                (no ring)

@: confused, lethally poisoned (0 -> -3), very quick, not resistant to hostile
enchantments, very unstealthy
A: unfitting armour, see invisible, cold resistance 1, herbivore 3, speed 3,
robust 1, slow metabolism 2, no device heal 1
a: Depart the Abyss, Bend Space, Renounce Religion


You were on level 3 of the Dungeon.
You worshipped Lugonu.
Lugonu was pleased with you.
You were not hungry.

You visited 1 branch of the dungeon, and saw 3 of its levels.
You visited the Abyss 1 time.

You collected 75 gold pieces.

Inventory:

Hand Weapons
 a - a +2 short sword (weapon)
 b - a +0 hunting sling
Missiles
 f - 9 poisoned needles
 g - 69 stones (quivered)
Armour
 k - a +0 robe (worn)
 o - a +0 cloak (worn)
Scrolls
 d - a scroll of enchant weapon
 n - a scroll of teleportation {unknown}
Potions
 l - a potion of heal wounds {unknown}
 m - a potion of resistance {unknown}
Comestibles
 c - 2 bread rations


   Skills:
 - Level 2.4 Fighting
 * Level 4.0 Short Blades
 - Level 5.1 Dodging
 * Level 2.3 Invocations


You had 3 spell levels left.
You didn't know any spells.

Dungeon Overview and Level Annotations

Branches:
Dungeon (3/15)

Altars:


Innate Abilities, Weirdness & Mutations

You are tiny and cannot use many weapons and most armour.
You have supernaturally acute eyesight.
You are a herbivore.
You cover ground extremely quickly.
You need consume almost no food.
Your flesh is cold resistant.
You are robust (+10% HP).
Potions and wands are less effective at restoring your health.


Message History

The adder bites you.
* * * LOW HITPOINT WARNING * * *
The giant gecko barely misses you.
You hit the adder but do no damage.
The adder is almost dead.
The adder misses you. The giant gecko closely misses you. The adder misses you.
Unknown command.
Drink which item? (? for menu, Esc to quit)
It was a potion of mutation.
You feel extremely strange.
You feel resistant to cold.
Your system partially rejects artificial healing.
You feel robust.
* * * LOW HITPOINT WARNING * * *
You feel sick. The giant gecko closely misses you. The adder misses you.
The giant gecko misses you.
Drink which item? (? for menu, Esc to quit)
It was a potion of ambrosia.
You are confused.
You feel invigorated. The adder misses you. The giant gecko bites you.
You die...

#######.. #.......# ####
#.......# .... #.......#
#########.... #.......#
#.........?..
#.(.....####..........%.
#....S.##..............
#@#...............
####l#.........<....#
#...lr..l............
#.##.##.rl.g.....##.. ..
#.####r.......# # ## #.#
#........# #.#
#............ #.#
#########.... #.# ....


You could see an adder, 2 giant geckos and a rat.

Vanquished Creatures
  Crazy Yiuf (D:2)
  3 adders (D:2)
  A worm (D:2)
  4 dart slugs
  8 goblins
  3 hobgoblins (D:1)
  6 jackals (D:2)
  A quokka (D:2)
  A ball python (D:2)
  A bat (D:2)
  4 giant newts
  A kobold (D:1)
  2 rats (D:2)
36 creatures vanquished.

Notes
Turn   | Place    | Note
--------------------------------------------------------------
     0 | Abyss:1  | MrRokkomies the Spriggan Abyssal Knight began the quest for the Orb.
     0 | Abyss:1  | Reached XP level 1. HP: 11/11 MP: 3/3
    69 | Abyss:1  | Found a corrupted altar of Lugonu.
    80 | Abyss:1  | Noticed a wretched star
    81 | D:1      | Escaped the Abyss
   375 | D:1      | Reached * piety under Lugonu
   375 | D:1      | Reached XP level 2. HP: 5/16 MP: 4/4
   591 | D:1      | Reached skill level 4 in Dodging
  1175 | D:2      | Reached XP level 3. HP: 7/19 MP: 5/5
  1176 | D:2      | Upgraded the game from 0.18-a0-1720-g8df8b1a to 0.18-a0-1737-gd6c99dd
  1412 | D:2      | Reached skill level 5 in Dodging
  1482 | D:2      | Reached ** piety under Lugonu
  1828 | D:2      | Noticed Crazy Yiuf
  1842 | D:2      | Killed Crazy Yiuf
  1842 | D:2      | Reached XP level 4. HP: 23/23 MP: 6/6
  2009 | D:3      | Gained mutation: Your flesh is cold resistant. [potion of mutation]
  2009 | D:3      | Gained mutation: Potions and wands are less effective at restoring your health. [potion of mutation]
  2009 | D:3      | Gained mutation: You are robust (+10% HP). [potion of mutation]
  2009 | D:3      | HP: 1/25 [poisoned by an adder]
  2010 | D:3      | Slain by a giant gecko

Vault maps used:
D:1:      elethiomel_arrival_shortcut, serial_bayou_pond_c
D:2:      grunt_decor_one_mirror, uniq_crazy_yiuf_cottage
D:3:      first_bread, uniq_robin, uniq_natasha, uniq_terence, uniq_grinder

Skill      XL: |  1  2  3  4 |
---------------+-------------+-----
Dodging        | 4 5 |  5.1
Short Blades   | 3 4 |  4.0
Invocations    | 2 |  2.3
Fighting       | |  2.4

Action                   |  1- 3 |  4- 6 || total
-------------------------+-------+-------++-------
Melee: Short sword       |    95 |    31 ||   126
 Fire: Hunting sling     |    25 |       ||    25
Invok: Depart the Abyss  |     1 |       ||     1
  Use: Scroll            |     6 |       ||     6
       Potion            |     1 |     4 ||     5
 Stab: Sleeping          |     2 |       ||     2
